 Dungeon Crawl Stone Soup version 0.20-a0-540-ge6d1839 (webtiles) character file.

177 Duffy the Chopper (level 5, -6/45 HPs)
             Began as a Naga Gladiator on Jan 29, 2017.
             Killed by divine providence
             ... invoked by an orc priest
              (13 damage)
             ... on level 4 of the Dungeon.
             The game lasted 00:02:42 (3203 turns).

Duffy the Chopper (Naga Gladiator)                  Turns: 3203, Time: 00:02:42

Health: -6/45      AC:  7    Str: 20    XL:     5   Next: 57%
Magic:  5/5        EV:  6    Int:  8    God:
Gold:   134        SH:  0    Dex: 12    Spells: 4/4 levels left

rFire    . . .     SeeInvis +   a - +0 war axe
rCold    . . .     Gourm    .   t - +0 chain mail
rNeg     . . .     Faith    .   (no shield)
rPois    +         Spirit   .   c - +0 helmet
rElec    .         Reflect  .   v - +0 cloak (curse)
rCorr    .         Harm     .   (no gloves)
MR       +....                  (no barding)
Stlth    ..........             (no amulet)
Regen    0.2/turn               q - +2 ring of strength
                                i - ring of protection from magic

@: invisible, very slow
A: see invisible, deformed body, poison resistance, slowness 2, slow metabolism
1, spit poison 1, AC +1
a: Spit Poison


You were on level 4 of the Dungeon.
You were not hungry.

You visited 1 branch of the dungeon, and saw 4 of its levels.

You collected 134 gold pieces.

Inventory:

Hand Weapons
 a - a +0 war axe (weapon)
 w - a +3 quarterstaff of chaos
Missiles
 d - 3 throwing nets (quivered)
 k - 8 curare-tipped needles
Armour
 c - a +0 helmet (worn)
 t - a +0 chain mail (worn)
 v - a cursed +0 cloak (worn)
Jewellery
 i - a ring of protection from magic (left hand)
 q - a +2 ring of strength (right hand)
Scrolls
 g - a scroll of magic mapping
 j - a scroll of identify {unknown}
 m - a scroll of noise {unknown}
 o - a scroll of amnesia {unknown}
 r - 2 scrolls of remove curse
 s - 2 scrolls of enchant weapon {unknown}
Potions
 e - a potion of curing {unknown}
 h - a potion of resistance {unknown}
 l - a potion of invisibility
 n - a potion of degeneration {unknown}
 p - 2 potions of lignification {unknown}
 u - a potion of brilliance {unknown}
Comestibles
 f - 2 bread rations


   Skills:
 - Level 2.0 Fighting
 + Level 6.1 Axes
 - Level 1.7 Throwing
 - Level 2.4 Dodging


You had 4 spell levels left.
You didn't know any spells.

Dungeon Overview and Level Annotations

Branches:
Dungeon (4/15)
 Temple: D:4-7

Altars:
Elyvilon
Yredelemnul


Innate Abilities, Weirdness & Mutations

You cannot wear boots.
Your serpentine skin is tough. (AC +1)
You have supernaturally acute eyesight. (SInv)
Armour fits poorly on your strangely shaped body.
Your system is resistant to poisons. (rPois)
You cover ground very slowly.
You have a slow metabolism.
You can spit poison.


Message History

You hit the orc priest.
The orc priest hits you with a hand axe.
You hit the orc priest but do no damage.
The orc priest is moderately wounded.
You have got your breath back.
The orc priest invokes the aid of Beogh against you.
Beogh smites you!
The orc priest mumbles some strange prayers to Beogh against you.
Beogh smites you!
You hit the orc priest but do no damage.
The orc priest is moderately wounded.
The orc priest hits you but does no damage.
You hit the orc priest.
The orc priest is heavily wounded.
The orc priest hits you but does no damage.
It was a potion of invisibility.
You fade into invisibility!
The orc priest calls down the wrath of Beogh upon you.
Beogh smites you!
You die...

########..#
#(o........ ##
#@#####.#.# .# #.#
.# #.# .# #.# .#
#.# .## #.# ..##
#(#
...#############.#
<...##......)....#


You could see an orc priest.

Vanquished Creatures
  Crazy Yiuf (D:3)
  A worker ant (D:4)
  4 adders (D:2)
  3 oozes
  2 dart slugs
  A leopard gecko (D:1)
  6 orcs
  5 giant cockroaches
  8 hobgoblins
  3 quokkas (D:3)
  A ball python (D:2)
  5 bats
  6 frilled lizards
  5 goblins
  10 kobolds
  8 rats
69 creatures vanquished.

Notes
Turn   | Place    | Note
-------+----------+-------------------------------------------
     0 | D:1      | Duffy the Naga Gladiator began the quest for the Orb.
     0 | D:1      | Reached XP level 1. HP: 19/19 MP: 1/1
   360 | D:1      | Reached XP level 2. HP: 26/26 MP: 2/2
   999 | D:1      | Reached skill level 4 in Axes
  1013 | D:1      | Reached XP level 3. HP: 13/32 MP: 3/3
  1988 | D:2      | Reached XP level 4. HP: 39/39 MP: 4/4
  2236 | D:2      | Found a white marble altar of Elyvilon.
  2308 | D:2      | Reached skill level 5 in Axes
  2751 | D:3      | Found a basalt altar of Yredelemnul.
  2799 | D:3      | Found a runed door.
  2803 | D:3      | Noticed Crazy Yiuf
  2806 | D:3      | Killed Crazy Yiuf
  2806 | D:3      | Reached XP level 5. HP: 45/45 MP: 5/5
  2931 | D:4      | Reached skill level 6 in Axes
  3203 | D:4      | Killed from afar by an orc priest

Vault maps used:
D:1:      scummos_arrival_forest, serial_curves, eino_curves_03, eino_curves_02
D:2:      elyvilon_altar_3
D:3:      lemuel_coloured_pillars_altar, kennysheep_potato,
          uniq_crazy_yiuf_cottage, uniq_natasha

Skill      XL: |  1  2  3  4  5 |
---------------+----------------+-----
Axes           | 4 5 6 |  6.1
Fighting       | |  2.0
Throwing       | |  1.7
Dodging        | |  2.4

Action                   |  1- 3 |  4- 6 || total
-------------------------+-------+-------++-------
Melee: War axe           |   142 |   104 ||   246
 Abil: Spit Poison       |       |     4 ||     4
  Use: Scroll            |       |     2 ||     2
       Potion            |       |     1 ||     1
 Stab: Sleeping          |     1 |       ||     1
  Eat: Chunk             |     2 |     4 ||     6
Armor: Leather armour    |    40 |     1 ||    41
       Chain mail        |       |    64 ||    64
Dodge: Dodged            |    99 |    44 ||   143
